 Dungeon Crawl Stone Soup version 0.25.1-8-g42b30a86e7 (webtiles) character file.

Game seed: 15135049523899764557

1450 Destapler the Shield-Bearer (level 8, -8/70 HPs)
             Began as a Minotaur Fighter on Dec 20, 2020.
             Was a Believer of Okawaru.
             Killed by divine providence
             ... invoked by an orc priest
              (10 damage)
             ... on level 5 of the Dungeon.
             The game lasted 00:15:09 (5389 turns).

Destapler the Shield-Bearer (Minotaur Fighter)      Turns: 5389, Time: 00:15:09

Health: -8/70      AC:  9    Str: 23    XL:     8   Next: 47%
Magic:  18/18      EV: 24    Int:  5    God:    Okawaru [**....]
Gold:   256        SH: 10    Dex: 10    Spells: 7/7 levels left

rFire    . . .     SeeInvis .   a - +0 morningstar (venom)
rCold    . . .     Gourm    .   c - +0 kite shield
rNeg     . . .     Faith    .   b - +1 scale mail
rPois    .         Spirit   .   (helmet restricted)
rElec    .         Reflect  .   p - +0 cloak (curse)
rCorr    .         Harm     .   (no gloves)
MR       .....                  (no boots)
Stlth    ..........             v - amulet of the acrobat
HPRegen  0.21/turn              t - ring of magical power
MPRegen  0.16/turn              (no ring)

@: acrobat
A: retaliatory headbutt, horns 2
a: Heroism, Renounce Religion


You were on level 5 of the Dungeon.
You worshipped Okawaru.
Okawaru was pleased with you.
You were hungry.

You visited 1 branch of the dungeon, and saw 5 of its levels.

You collected 256 gold pieces.

Inventory:

Hand Weapons
 a - a +0 morningstar of venom (weapon)
 d - a +0 flail
Armour
 b - a +1 scale mail (worn)
 c - a +0 kite shield (worn)
 p - a cursed +0 cloak (worn)
 x - the +3 leather armour of Hedging {rC+ MR- Dex+2 Stlth+}
   (You found it on level 5 of the Dungeon)

   It affects your dexterity (+2).
   It protects you from cold.
   It affects your resistance to hostile enchantments.
   It makes you more stealthy.
Jewellery
 t - a ring of magical power (left hand)
 v - an amulet of the acrobat (around neck)
Wands
 u - a wand of polymorph (6)
Scrolls
 e - 5 scrolls of identify
 g - 2 scrolls of enchant armour
 h - 3 scrolls of teleportation
 i - 4 scrolls of amnesia {unknown}
 m - 2 scrolls of remove curse {unknown}
 n - a scroll of noise {unknown}
 o - a scroll of blinking {unknown}
 r - a scroll of fear {unknown}
 s - a scroll of fog {unknown}
Potions
 j - a potion of resistance
 k - 3 potions of flight
 q - 2 potions of stabbing
Comestibles
 f - 8 rations


   Skills:
 - Level 6.0 Fighting
 + Level 5.6 Maces & Flails
 + Level 4.1 Throwing
 - Level 5.0 Armour
 + Level 3.1 Dodging
 - Level 2.0 Stealth
 + Level 6.1 Shields
 + Level 3.0 Invocations
 + Level 1.5 Evocations


You had 7 spell levels left.
You didn't know any spells.
Your spell library was empty.

Dungeon Overview and Level Annotations

Branches:
Dungeon (5/15)
 Temple: D:4-7

Altars:
Elyvilon
Okawaru
Qazlal
Beogh

Annotations:
D:5 Abzac's ghost, amateur HOMo


Innate Abilities, Weirdness & Mutations

You reflexively headbutt those who attack you in melee.
You have a pair of horns on your head.


Message History

Abzac's ghost hits you.
* * * LOW HITPOINT WARNING * * *
You puncture Abzac's ghost!
Abzac's ghost is severely damaged.
Abzac's ghost hits you but does no damage.
You puncture Abzac's ghost! You headbutt Abzac's ghost.
Abzac's ghost is almost destroyed.
Abzac's ghost barely misses you.
The orc priest calls down the wrath of Beogh upon you.
Beogh smites you!
* * * LOW HITPOINT WARNING * * *
Abzac's ghost hits you but does no damage.
The orc priest invokes the aid of Beogh against you.
Beogh smites you!
* * * LOW HITPOINT WARNING * * *
Unknown command.
You are feeling hungry.
The orc priest calls down the wrath of Beogh upon something.
Beogh smites you!
You die...

.._....####.....# ##..##.## ##.
.....####.......## ##....# ##..
○...○##..........## #....# ##.##
##.###.....>......####...####.###
##.##...........#..##.....#..###.
..##..............o..............
.##..............#o..............
##..............W8.............8.
##..............@######')'######.
#................#....)).......#.
#................#....#####....#.
.................#.###.....###.#.
...............###.#8#..8..#8#.#.
...)...........# #.............#.
...............# #8....[_[....8#.
...............#### ############.
....÷..........#.# #............


You could see an orc priest, Abzac's ghost and an orc.

Vanquished Creatures
  A hippogriff (D:3)
  Prince Ribbit (D:5)
  Eustachio (D:5)
  Menkaure (D:5)
  An orc warrior (D:5)
  2 ogres (D:5)
  A scorpion (D:4)
  3 jellies
  An orc priest (D:5)
  Crazy Yiuf (D:3)
  An orc wizard (D:5)
  2 iguanas
  A worker ant (D:4)
  9 adders
  7 gnolls (D:5)
  A shadow imp (D:5)
  3 oozes
  An adder skeleton (D:4)
  3 worms (D:2)
  3 dart slugs
  2 leopard geckos
  18 orcs
  4 bats
  4 giant cockroaches
  4 hobgoblins
  5 jackals
  3 kobolds
  A ball python (D:3)
  3 frilled lizards
  6 goblins
  A leopard gecko skeleton (D:4)
  6 rats
101 creatures vanquished.

Notes
Turn   | Place    | Note
-------+----------+-------------------------------------------
     0 | D:1      | Destapler the Minotaur Fighter began the quest for the Orb.
     0 | D:1      | Reached XP level 1. HP: 19/19 MP: 0/0
   228 | D:1      | Reached XP level 2. HP: 15/27 MP: 1/1
   811 | D:2      | Found an iron altar of Okawaru.
   819 | D:2      | Became a worshipper of Warmaster Okawaru
   861 | D:2      | Reached XP level 3. HP: 27/33 MP: 2/2
  1102 | D:2      | Reached skill level 1 in Throwing
  1157 | D:2      | Reached skill level 1 in Stealth
  1453 | D:3      | Found a white marble altar of Elyvilon.
  1574 | D:3      | Reached XP level 4. HP: 38/40 MP: 3/3
  1629 | D:3      | Found a runed translucent door.
  1630 | D:3      | Noticed Crazy Yiuf
  1643 | D:3      | Killed Crazy Yiuf
  1857 | D:3      | Reached XP level 5. HP: 27/46 MP: 4/4
  2091 | D:3      | Noticed a hippogriff
  2217 | D:3      | Killed a hippogriff
  2217 | D:3      | Reached * piety under Okawaru
  2217 | D:3      | Reached XP level 6. HP: 19/53 MP: 5/5
  2761 | D:4      | Reached skill level 5 in Armour
  3127 | D:5      | Entered Level 5 of the Dungeon
  3145 | D:5      | Reached skill level 1 in Dodging
  3154 | D:5      | Reached skill level 5 in Fighting
  3154 | D:5      | Reached skill level 5 in Shields
  3225 | D:5      | Reached skill level 1 in Invocations
  3225 | D:5      | Reached XP level 7. HP: 57/61 MP: 6/6
  3253 | D:5      | Noticed Eustachio
  3265 | D:5      | Found a stormy altar of Qazlal.
  3283 | D:5      | Killed Eustachio
  3392 | D:5      | Reached ** piety under Okawaru
  3456 | D:5      | Noticed Menkaure
  3705 | D:5      | Found a runed translucent gate.
  3705 | D:5      | Found a runed translucent gate.
  3705 | D:5      | Found a runed translucent gate.
  3708 | D:5      | Identified the +0 chain mail "Getop" {Dex+2}
  3709 | D:5      | Noticed Abzac's ghost (amateur HOMo)
  3711 | D:5      | Identified the +9 hand axe of Mourning {vorpal, rPois
                  | Str+3}
  3711 | D:5      | Identified the cursed +1 leather armour "Ynlacs" {rC+
                  | Slay+2}
  3713 | D:5      | Found a roughly hewn altar of Beogh.
  4017 | D:5      | Got a spiked leather armour
  4028 | D:5      | Identified the +3 leather armour of Hedging {rC+ MR- Dex+2
                  | Stlth+} (You found it on level 5 of the Dungeon)
  4183 | D:5      | Reached skill level 5 in Maces & Flails
  4534 | D:5      | Noticed Prince Ribbit
  5006 | D:5      | Reached XP level 8. HP: 68/70 MP: 8/8
  5123 | D:5      | Killed Prince Ribbit
  5123 | D:5      | Reached skill level 1 in Evocations
  5208 | D:5      | Killed Menkaure
  5385 | D:5      | HP: 1/70 [orc priest/divine providence (10)]
  5389 | D:5      | Killed from afar by an orc priest

Illustrated notes

Levels and vault maps discovered:
D:1:      heliophobic_arrival_enchanted_forest, layout_basic
D:2:      minmay_door_path, layout_loops_ring, okawaru_metal_pillars_1_2
D:3:      layout_basic, elyvilon_altar_5, uniq_crazy_yiuf_cottage
D:4:      layout_cave_pools, first_ration
D:5:      layout_layer_cave, grunt_qazlal_clouds, biasface_ghost_orc_armoury,
          minmay_fountain_box, minmay_curled_crystal, uniq_eustachio,
          uniq_prince_ribbit1, uniq_menkaure

Skill      XL: |  1  2  3  4  5  6  7  8 |
---------------+-------------------------+-----
Maces & Flails | 3 4 5 |  5.6
Throwing       | 1 2 3 4 |  4.1
Armour         | 4 5 |  5.0
Shields        | 4 5 6 |  6.1
Fighting       | 4 5 6 |  6.0
Stealth        | 1 2 |  2.0
Dodging        | 1 2 3 |  3.1
Invocations    | 1 2 3 |  3.0
Evocations     | 1 |  1.5

Action                   |  1- 3 |  4- 6 |  7- 9 || total
-------------------------+-------+-------+-------++-------
Melee: Flail             |    87 |   106 |    84 ||   277
       Headbutt          |    13 |    12 |    24 ||    49
       Morningstar       |       |       |    51 ||    51
Invok: Heroism           |       |       |     3 ||     3
  Use: Scroll            |       |       |     7 ||     7
       Potion            |       |       |     3 ||     3
  Eat: Chunk             |     2 |     5 |     7 ||    14
Armor: Scale mail        |    31 |    42 |    24 ||    97
       Leather armour    |       |       |     9 ||     9
Dodge: Dodged            |    26 |    48 |    48 ||   122
Block: Kite shield       |    53 |    51 |    60 ||   164
